 Dungeon Crawl Stone Soup version 0.11.3 (console) character file.

1677 Lightli the Ruinous (level 8, 0/43 HPs)
             Began as a Deep Elf Stalker on July 3, 2022.
             Was an Initiate of Vehumet.
             Succumbed to a centaur's poison
             ... on Level 6 of the Dungeon.
             The game lasted 00:25:51 (7153 turns).

Lightli the Ruinous (Deep Elf Stalker)              Turns: 7153, Time: 00:25:51

HP   0/43        AC  7     Str  7      XL: 8   Next: 56%
MP  19/22        EV 13     Int 20      God: Vehumet [......]
Gold 152         SH  0     Dex 18      Spells:  5 memorised,  7 levels left

Res.Fire  : + . .   See Invis. : .   a - +4,+2 elf dagger {=f}
Res.Cold  : + . .   Warding    : .   b - +0 elf robe
Life Prot.: . . .   Conserve   : .   (no shield)
Res.Poison: +       Res.Corr.  : .   r - +0 orc helmet
Res.Elec. : +       Clarity    : .   c - +0 elf cloak
Sust.Abil.: . .     Spirit.Shd : .   F - +0 pair of orc gloves
Res.Mut.  : .       Stasis     : .   q - +1 pair of boots
Res.Rott. : .       Ctrl.Telep.: .   (no amulet)
Saprovore : . . .   Levitation : .   A - +2 ring of dexterity Ctrl.Flight: .
                                     h - ring of protection from magic

@: mildly poisoned, very slightly contaminated, quite resistant to hostile
enchantments, stealthy
A: breathe flames 1, fast metabolism 1, electricity resistance
a: Renounce Religion, Breathe Fire


You were on level 6 of the Dungeon.
You worshipped Vehumet.
Vehumet was pleased with you.
You were very hungry.

You visited 2 branches of the dungeon, and saw 7 of its levels.
You also visited: Sewer.

You collected 132 gold pieces.

Inventory:

Hand weapons
 a - a +4,+2 elven dagger (weapon) {=f}
Armour
 b - a +0 elven robe (worn)
 c - a +0 elven cloak (worn)
 q - a +1 pair of boots (worn)
 r - a +0 orcish helmet (worn)
 F - a +0 pair of orcish gloves (worn)
Magical devices
 y - a wand of flame (0)
 z - a wand of confusion (11)
Comestibles
 f - 2 bread rations
 v - a snozzcumber
 D - 2 meat rations
Scrolls
 g - 2 scrolls of enchant armour
 j - 4 scrolls of identify
 n - a scroll of blinking
 u - 2 scrolls of remove curse
 C - a scroll of teleportation
Jewellery
 h - a ring of protection from magic (left hand)
 l - an uncursed ring of fire
 A - a +2 ring of dexterity (right hand)
Potions
 e - 8 potions of confusion
 i - 2 potions of water
 k - 2 potions of agility
 m - a potion of restore abilities
 s - 6 potions of poison
 w - a potion of resistance
 B - 2 potions of levitation
Books
 d - a book of Stalking

   Spells                             Type                      Level
   *Fulsome Distillation              Transmutation/Necromancy     1
   *Evaporate                         Fire/Transmutation           2
   Passwall                           Transmutation/Earth          3
   *Petrify                           Transmutation/Earth          4
   Dig                                Transmutation/Earth          4
 x - a book of the Tempests

   Spells                             Type                      Level
   Static Discharge                   Conjuration/Air              3
   Lightning Bolt                     Conjuration/Air              5
   Fireball                           Conjuration/Fire             5
   Tornado                            Air                          9
   Shatter                            Earth                        9
 E - a book of Air

   Spells                             Type                      Level
   *Shock                             Conjuration/Air              1
   *Swiftness                         Charms/Air                   2
   Repel Missiles                     Charms/Air                   2
   Flight                             Charms/Air                   3
   Static Discharge                   Conjuration/Air              3
   Lightning Bolt                     Conjuration/Air              5


   Skills:
 - Level 0.7 Fighting
 - Level 1.0 Short Blades
 - Level 2.6 Dodging
 - Level 2.4 Stealth
 + Level 2.4 Stabbing
 - Level 5.0 Spellcasting
 - Level 6.0 Conjurations
 - Level 5.8 Transmutations
 - Level 1.4 Fire Magic
 - Level 5.6 Earth Magic


You had 7 spell levels left.
You knew the following spells:

 Your Spells              Type           Power        Failure   Level  Hunger
a - Fulsome Distillation  Trmt/Necr      N/A          3%          1    None
b - Evaporate             Fire/Trmt      ####...      4%          2    None
c - Petrify               Trmt/Erth      #####....    12%         4    ####...
d - Shock                 Conj/Air       ####.        3%          1    None
e - Swiftness             Chrm/Air       ##........   21%         2    None


Dungeon Overview and Level Annotations

Branches:
Dungeon (6/27)             Temple (1/1) D:5
    Orc: D:6-11

Altars:
Cheibriados
Elyvilon
Fedhas
Kikubaaqudgha
Makhleb
Sif Muna
Trog
Vehumet
Xom
Yredelemnul
Zin
the Shining One


Innate Abilities, Weirdness & Mutations

You can breathe flames.
You have a fast metabolism.
You are resistant to electric shocks.


Message History

You feel sick.
Your magical contamination has completely faded away.
* * * LOW HITPOINT WARNING * * *
You feel sick.
* * * LOW HITPOINT WARNING * * *
You feel sick.
Drink which item? (? for menu, Esc to quit)
You feel protected.
You are very lightly contaminated with residual magic.
* * * LOW HITPOINT WARNING * * *
You feel sick.
You feel a little better.
You start resting.
* * * LOW HITPOINT WARNING * * *
You feel sick.
* * * LOW HITPOINT WARNING * * *
You feel sick.
* * * LOW HITPOINT WARNING * * *
You feel sick.
The centaur shoots an arrow.
The arrow misses you.
You die...

............. .
............. ....
........... ...#
.........##### ...###
............... .......
.....%%...###### .......
................ .......
#..####...#######.(......
#..# #...#.....@........
#..####...#c######.###.##
...................#
...................
...####...#.######.
...####.....#####
.................
##.####.##.......#
.................#


You could see a centaur.

Vanquished Creatures
  Grinder (D:3)
  Edmund (D:5)
  Menkaure (D:5)
  A sky beast (D:5)
  3 centaurs (D:5)
  An ogre (D:5)
  Duvessa (D:5)
  2 giant frogs (Sewer)
  Dowan (D:5)
  A crimson imp (D:6)
  Crazy Yiuf (D:5)
  A hound zombie (D:5)
  An orc wizard (D:3)
  A hound (D:6)
  An orc priest (D:5)
  A worker ant (D:5)
  Jessica (D:3)
  A worm zombie (D:6)
  7 adders
  2 green rats (D:4)
  5 gnolls
  11 giant mites
  2 worms (D:4)
  A grey rat (D:4)
  12 giant geckos
  2 oozes
  7 orcs
  11 ball pythons
  9 bats
  18 giant cockroaches
  12 goblins
  11 hobgoblins
  9 jackals
  15 kobolds
  3 quokkas
  13 giant newts
  A hobgoblin skeleton (D:6)
  A kobold skeleton (D:4)
  An orc skeleton (D:6)
  6 rats
180 creatures vanquished.

Vanquished Creatures (others)
  A goblin (D:5)
  A hobgoblin (D:5)
  A ball python (D:1)
  A toadstool (Sewer)
4 creatures vanquished.

Grand Total: 184 creatures vanquished

Notes
Turn   | Place    | Note
--------------------------------------------------------------
     0 | D:1      | Lightli, the Deep Elf Stalker, began the quest for the Orb.
     0 | D:1      | Reached XP level 1. HP: 12/12 MP: 2/2
   183 | D:1      | Reached XP level 2. HP: 10/16 MP: 5/5
   202 | D:1      | Learned a level 2 spell: Evaporate
   562 | D:1      | Reached skill level 3 in Spellcasting
  1082 | D:1      | Reached XP level 3. HP: 20/20 MP: 8/8
  1323 | D:2      | Reached skill level 4 in Spellcasting
  1369 | D:2      | Found a glowing golden altar of the Shining One.
  1479 | D:2      | Reached XP level 4. HP: 18/25 MP: 2/12
  1547 | D:2      | Reached skill level 5 in Spellcasting
  1808 | D:2      | Gained mutation: You are resistant to electric shocks. [potion of mutation]
  1808 | D:2      | Gained mutation: You can breathe flames. [potion of mutation]
  1808 | D:2      | Gained mutation: You have a fast metabolism. [potion of mutation]
  2099 | D:3      | Noticed Grinder
  2117 | D:3      | Killed Grinder
  2117 | D:3      | Reached skill level 5 in Transmutations
  2117 | D:3      | Reached XP level 5. HP: 19/29 MP: 16/16
  2117 | D:3      | Reached XP level 6. HP: 22/34 MP: 18/18
  2123 | D:3      | Learned a level 4 spell: Petrify
  2465 | D:3      | Reached skill level 1 in Earth Magic
  2848 | D:3      | Noticed Jessica
  2886 | D:3      | Killed Jessica
  3253 | D:4      | Found an ancient bone altar of Kikubaaqudgha.
  3295 | D:4      | Found a bloodstained altar of Trog.
  3359 | D:4      | Found a basalt altar of Yredelemnul.
  3610 | D:4      | Found a glowing drain.
  3619 | Sewer    | Entered a sewer
  4059 | Sewer    | Reached XP level 7. HP: 38/38 MP: 20/20
  4559 | Sewer    | Learned a level 1 spell: Shock
  4562 | Sewer    | Learned a level 2 spell: Swiftness
  4735 | D:5      | Entered Level 5 of the Dungeon
  4770 | D:5      | Noticed Menkaure
  4774 | D:5      | Noticed Dowan
  4779 | D:5      | Killed Menkaure
  4779 | D:5      | Reached skill level 5 in Earth Magic
  4801 | D:5      | Killed Dowan
  4900 | D:5      | Noticed Duvessa
  4963 | D:5      | Noticed Edmund
  4976 | D:5      | Found a shimmering altar of Xom.
  4989 | D:5      | Reached skill level 1 in Conjurations
  5083 | D:5      | Killed Edmund
  5083 | D:5      | Reached XP level 8. HP: 19/43 MP: 2/22
  5915 | D:5      | Killed Duvessa
  5915 | D:5      | Reached skill level 5 in Conjurations
  6077 | D:5      | Found a staircase to the Ecumenical Temple.
  6099 | Temple   | Entered the Ecumenical Temple
  6188 | Temple   | Became a worshipper of Vehumet
  6431 | D:5      | Noticed Crazy Yiuf
  6468 | D:5      | Killed Crazy Yiuf
  6670 | D:5      | Reached skill level 6 in Conjurations
  6860 | D:6      | Reached skill level 1 in Fire Magic
  7151 | D:6      | HP: 2/43 [poisoned by a centaur]
  7153 | D:6      | Succumbed to a centaur's poison
